 Dungeon Crawl Stone Soup version 0.28.0-43-g3370ac3207 (webtiles) character file.

Game seed: 958202705971025043

158487 porpoise the Warrior (level 18, -5/146 HPs)
             Began as a Djinni Conjurer on Mar 20, 2022.
             Was a Believer of Ashenzari.
             Killed by an exploding bloated husk (32 damage)
             ... set off by themself
             ... on level 4 of the Swamp on Mar 27, 2022.
             The game lasted 03:43:37 (45961 turns).

porpoise the Warrior (Djinni Conjurer)             Turns: 45961, Time: 03:43:43

Health: -5/146     AC: 20    Str: 14    XL:     18   Next: 35%
Gold:   2872       EV: 17    Int: 27    God:    Ashenzari [**....] SH: 15 Dex: 21

rFire   + + .      SeeInvis +   b - +9 hand crossbow of Hudeck {speed, rC- Str+4 Int+3 SInv}
rCold   . . .      Faith    .   c - +3 kite shield {AC+3}
rNeg    + + .      Spirit   .   H - +5 ring mail "Ruined Dismay" {rN+, Evo, Self} (curse)
rPois   ∞          Reflect  .   D - +1 hat of Ethics {Fly rC+}
rElec   .          Harm     .   V - +1 cloak of Supernal Gnosis {Stlth+, Evo, Self} (curse)
rCorr   .          Rampage  .   u - +1 pair of gloves of Ashenzari's Seeker {infuse, Cun, Self} (curse)
Will    +....                   (boots unavailable)
Stlth   ++++++....              (no amulet)
HPRegen 0.34/turn               h - ring "Uramies" {*Slow Fly Will+++ Dex+3}
MPRegen 0.00/turn               l - ring of Serendipity {rC+ rN+ Will- Dex+6}

@: weak-willed, flying, studying Unarmed Combat
A: sickness immunity, fire resistance 2, cold vulnerability 1, float, innate
caster, HP casting, extra vitality 1
a: Renounce Religion, Curse Item, Shatter the Chains


You were on level 4 of the Swamp.
You worshipped Ashenzari.
Ashenzari was pleased with you.
You visited 4 branches of the dungeon, and saw 26 of its levels.
You also visited: Gauntlet.

You collected 2872 gold pieces.

Inventory:

Hand Weapons
 a - the +12 flail of Embarrassment {holy, rElec Stlth+}
   (You took it off an orc on level 12 of the Dungeon)

   It has been blessed by the Shining One to cause great damage to the undead
   and demons.
   rElec:     It insulates you from electricity.
   Stlth:     It makes you more stealthy.
 b - the +9 hand crossbow of Hudeck (weapon) {speed, rC- Str+4 Int+3 SInv}
   (You found it on level 2 of the Lair of Beasts)

   Attacks with this weapon are significantly faster.
   Str:       It affects your strength (+4).
   Int:       It affects your intelligence (+3).
   rC:        It makes you vulnerable to cold.
   SInv:      It lets you see invisible.
 z - the +4 hand crossbow "Xarur" {vorpal, Drain rN+++ Str+6}
   (You found it on level 2 of the Swamp)

   Any ammunition fired from it inflicts extra damage upon your enemies.
   Str:       It affects your strength (+6).
   rN:        It renders you almost immune to negative energy.
   Drain:     It drains your maximum health when unequipped.
Missiles
 g - 137 bolts (quivered ammo)
 n - 98 arrows
 w - 16 sling bullets
 J - 4 poisoned darts
 L - a curare-tipped dart
Armour
 c - a +3 kite shield of protection (worn)
 u - the cursed +1 pair of gloves of Ashenzari's Seeker (worn) {infuse, Cun, Self}
   (You found it on level 3 of the Dungeon)

   It has a curse which improves the following skills: Cunning: Dodging and
   Stealth.
   Introspection: Fighting and Spellcasting.
 D - the +1 hat of Ethics (worn) {Fly rC+}
   (You found it on level 3 of the Swamp)

   rC:        It protects you from cold.
   Fly:       It grants you flight.
 H - the cursed +5 ring mail "Ruined Dismay" (worn) {rN+, Evo, Self}
   (You took it off Joseph on level 7 of the Dungeon)

   It has a curse which improves the following skills: Evocations: Evocations.
   Introspection: Fighting and Spellcasting.
 V - the cursed +1 cloak of Supernal Gnosis (worn) {Stlth+, Evo, Self}
   (You found it on level 2 of the Lair of Beasts)

   It has a curse which improves the following skills: Evocations: Evocations.
   Introspection: Fighting and Spellcasting.
Jewellery
 h - the ring "Uramies" (left hand) {*Slow Fly Will+++ Dex+3}
   (You found it in a Gauntlet)

   [ring of flight]

   Dex:       It affects your dexterity (+3).
   Fly:       It grants you flight.
   *Slow:     It may slow you when you take damage.
   Will:      It greatly increases your willpower.
 l - the ring of Serendipity (right hand) {rC+ rN+ Will- Dex+6}
   (You took it off a minotaur in a Gauntlet)

   [ring of dexterity]

   Dex:       It affects your dexterity (+6).
   rC:        It protects you from cold.
   rN:        It protects you from negative energy.
   Will:      It decreases your willpower.
 m - a ring of resist corrosion
 r - a +4 ring of evasion
 P - a ring of protection from fire
Wands
 i - a wand of digging (22)
 q - a wand of acid (18)
 A - a wand of charming (3)
 B - a wand of flame (63)
 C - a wand of mindburst (22)
 G - a wand of paralysis (39)
 O - a wand of iceblast (14)
Scrolls
 d - 4 scrolls of fog
 e - 5 scrolls of fear
 j - 2 scrolls of enchant armour
 t - a scroll of silence
 E - 2 scrolls of magic mapping
 K - 5 scrolls of blinking
 N - 4 scrolls of vulnerability
 R - 6 scrolls of teleportation
Potions
 k - 7 potions of lignification
 o - 12 potions of curing
 p - 2 potions of attraction
 s - 4 potions of might
 v - 5 potions of haste
 y - 2 potions of invisibility
 F - 2 potions of resistance
 I - a potion of heal wounds
 Y - 8 potions of ambrosia
Miscellaneous
 f - a phial of floods
 x - a phantom mirror
 M - a box of beasts
 U - a tin of tremorstones (2/2)


   Skills:
 - Level 16.2(18.5) Fighting
 - Level 10.0 Crossbows
 - Level 9.0 Armour
 - Level 10.4(11.6) Dodging
 + Level 10.2(11.4) Stealth
 - Level 9.0 Shields
 * Level 12.6(15.1) Spellcasting
 - Level 5.8(7.7) Evocations


You had one spell level left.
You knew the following spells:

 Your Spells              Type           Power      Damage    Failure   Level
a - Magic Dart            Conj           100%       1d8       1%          1
b - Searing Ray           Conj           100%       2d8       1%          2
c - Fulminant Prism       Conj/Hex       40%        3d20      1%          4
d - Iskenderun's Mystic   Conj/Tloc      80%        2d16      1%          4
f - Frozen Ramparts       Ice            100%       1d12      1%          3
g - Malign Gateway        Summ/Tloc      40%        N/A       19%         7
h - Static Discharge      Conj/Air       80%        N/A       1%          2
k - Shock                 Conj/Air       100%       1d9       1%          1
l - Lee's Rapid Deconstr  Erth           40%        3d21*     1%          5
s - Statue Form           Tmut/Erth      53%        N/A       3%          6
t - Tukima's Dance        Hex            80%        N/A       1%          3
v - Summon Mana Viper     Hex/Summ       80%        N/A       1%          5
z - Dazzling Flash        Conj/Hex       100%       N/A       1%          3
Your spell library was empty.

Dungeon Overview and Level Annotations

Branches:
Dungeon (15/15)            Temple (1/1) D:5            Lair (6/6) D:8
  Swamp (4/4) Lair:2       Spider (0/4) Lair:4        Slime (0/5) Lair:6
    Orc (0/2) D:10         Vaults (0/5) D:14         Depths (0/4) D:15
Gauntlet (visited)

Altars:
Ashenzari
Dithmenos
Elyvilon
Fedhas
Gozag
Hepliaklqana
Kikubaaqudgha
Makhleb
Nemelex Xobeh
Okawaru
Qazlal
Sif Muna
Trog
Uskayaw
Vehumet
Wu Jian
Xom
Yredelemnul
The Shining One

Shops:
D:3 (   D:8 *   D:10 *

Portals:
Trove: D:12 (give +3 shadow dragon scales)

Annotations:
D:10 3 runed translucent doors, WaxSun's ghost, journeyman MfIE
D:12 1 runed translucent door, ZappyNine's ghost, journeyman DENe
Lair:4 2 transporters, bnorton916's ghost, journeyman BaIE


Innate Abilities, Weirdness & Mutations

You are immune to sickness and miasma.
You are immune to poison.
Your flesh is very heat resistant. (rF++)
You are vulnerable to cold. (rC-)
You float through the air rather than walking.
You learn spells naturally, not from books.
Your magical power is your life essence.
You have superior vitality. (+4 MHP)


Message History

The phantasmal warrior is severely damaged.
The phantasmal warrior is knocked back by the mystic blast.
The mystic blast hits the phantasmal warrior but does no damage.
The phantasmal warrior is severely damaged.
A spectral swamp drake comes into view.
The phantasmal warrior hits you!
* * * LOW HITPOINT WARNING * * *
Your fulminant prism crackles loudly.
Casting: Iskenderun's Mystic Blast (safe; 1% risk of failure)
Confirm with . or Enter, or press ? or * to list all spells.
You erupt in a blast of force!
The mystic blast hits the bloated husk!!
The mystic blast hits the alligator zombie!
The alligator zombie is heavily damaged.
The alligator zombie is knocked back by the mystic blast.
The alligator zombie collides with the spectral six-headed hydra!
The spectral six-headed hydra is heavily damaged.
The alligator zombie is heavily damaged.
The mystic blast hits the swamp dragon zombie!
The swamp dragon zombie is heavily damaged.
The swamp dragon zombie is knocked back by the mystic blast.
The swamp dragon zombie slams into the stone wall!
The swamp dragon zombie is heavily damaged.
The mystic blast hits the phantasmal warrior but does no damage.
The phantasmal warrior is severely damaged.
The mystic blast hits the phantasmal warrior!!
You destroy the phantasmal warrior!
* * * LOW HITPOINT WARNING * * *
The bloated husk explodes!
The blast of putrescent gases engulfs your fulminant prism!!!
The blast of putrescent gases engulfs the phantom!!
The phantom is destroyed!
The blast of putrescent gases engulfs the spectral six-headed hydra!!!
The blast of putrescent gases engulfs the alligator zombie!!!
The blast of putrescent gases engulfs the swamp dragon zombie!!! x2
The swamp dragon zombie is destroyed!
The blast of putrescent gases engulfs the phantasmal warrior!!
The phantasmal warrior is destroyed!
The blast of putrescent gases engulfs you!!
You die...

,≈≈ , ## ≈ ,,, ,
##nZ * , ,,
##≈≈Z#### * ,,
##≈≈.Z(Z○##* ##♣
#≈≈≈†Z(WZ○## {*
##≈≈♣
#.≈≈.###≈Z.### *
#≈≈≈♣ ##Z,≈≈
##.Z..#######≈≈≈♣
≈ ##..@...○##≈≈≈.♣
,{
###...○.#≈≈≈≈.♣♣♣♣
, {
##≈○...≈≈≈..♣♣≈♣♣
* ,
###....≈≈..♣≈≈≈♣ *
###..≈≈≈...≈.♣ * ,
* ####≈≈..≈≈♣♣ , *
#≈≈≈.§≈.♣♣ *
♣♣#♣≈≈..≈.≈.
♣≈...≈....≈.


You could see a spectral six-headed hydra, a spectral swamp drake, a phantom, an
alligator zombie, a four-headed hydra zombie, a swamp drake zombie and 2 swamp
dragon zombies.

Vanquished Creatures
  Kirke (D:14)
  A thorn hunter (Swamp:4)
  A fenstrider witch (Swamp:3)
  5 eleionomae
  5 bunyips
  A minotaur (Gauntlet)
  A dire elephant (Lair:6)
  A fire dragon (D:14)
  A great orb of eyes (D:15)
  3 boulder beetles
  A rakshasa (D:15)
  An ice dragon (Lair:5)
  3 catoblepae
  12 hydras
  A spriggan air mage (Swamp:3)
  2 ghost crabs
  A catoblepas (shapeshifter) (D:14)
  2 two-headed ogres
  4 centaur warriors
  2 death knights (D:13)
  3 tengu warriors
  12 alligators
  12 death yaks
  A hell hog (Gauntlet)
  Nergalle (Lair:3)
  Sonja (D:12)
  5 skeletal warriors
  An iron troll (D:14)
  7 spriggan druids
  A flayed ghost (D:13)
  7 goliath frogs
  11 bog bodies
  2 swamp dragons (Swamp:3)
  A glowing orange brain (D:13)
  5 lindwurms
  2 phantasmal warriors
  2 wizards (Gauntlet)
  A deep elf pyromancer (D:13)
  An orc knight (D:15)
  4 oklob plants (Lair:4)
  4 cyclopes
  7 manticores
  8 ugly things
  An ice statue (Lair:5)
  5 will-o-the-wisps
  Joseph (D:7)
  6 black mambas
  2 centaur zombies (D:10)
  17 elephants
  2 gargoyles
  A kobold demonologist (D:11)
  6 rime drakes
  3 torpor snails
  13 cane toads
  2 swamp worm zombies (Swamp:4)
  9 komodo dragons
  A komodo dragon (shapeshifter) (D:14)
  2 freezing wraiths (D:13)
  A tengu conjurer (D:14)
  4 bloated husks
  3 trolls
  12 polar bears
  3 meliai (Lair:5)
  7 tyrant leeches
  A queen bee (Lair:5)
  21 blink frogs
  8 hornets
  10 slime creatures
  Prince Ribbit (Lair:1)
  4 raiju (Lair:6)
  12 dream sheep
  5 alligator zombies (Swamp:4)
  4 dancing weapons
  4 water elementals (D:14)
  14 spriggans
  3 shadows
  2 spriggans (shapeshifter) (D:13)
  A wyvern (Lair:4)
  42 yaks
  2 fire bats (Gauntlet)
  11 wraiths
  7 hogs (D:14)
  4 vampire mosquitoes
  4 basilisks
  3 steam dragons
  Grum (D:11)
  A redback (shapeshifter) (D:15)
  18 swamp worms
  10 wargs
  18 water moccasins
  2 acid dragons
  12 hell hounds
  5 swamp drakes
  9 ice beasts
  7 orc warriors
  2 sky beasts
  15 black bears
  3 ogres
  A necrophage (D:4)
  39 wolves
  7 boggarts
  16 centaurs
  3 kobold brigands
  A phantom (D:6)
  13 bullfrogs
  2 scorpions
  A cane toad simulacrum (Lair:4)
  A wyvern zombie (D:8)
  A wyvern skeleton (D:7)
  2 water moccasin zombies
  A water moccasin skeleton (D:5)
  23 killer bees
  3 wights (D:8)
  2 howler monkeys (D:8)
  2 electric eels
  4 hounds
  2 bullfrog zombies (D:6)
  A jelly (D:6)
  3 bullfrog skeletons
  10 orc priests
  4 centaur skeletons
  An iguana (D:6)
  Jessica (D:2)
  5 orc wizards
  A scorpion zombie (D:5)
  3 polar bear simulacra (Lair:4)
  A wolf simulacrum (Lair:4)
  2 killer bee zombies (D:7)
  A howler monkey zombie (D:9)
  3 gnolls (D:4)
  4 adders
  3 shadow imps
  5 white imps
  3 ufetubi (D:6)
  An adder zombie (D:4)
  4 worms
  2 dart slugs
  28 orcs
  6 endoplasms
  4 giant cockroaches
  8 goblins
  7 hobgoblins
  4 jackals (D:2)
  19 kobolds
  6 quokkas
  2 ball pythons
  4 bats
  2 frilled lizards
  4 rats
  A fulminant prism (Swamp:3)
792 creatures vanquished.

Vanquished Creatures (collateral kills)
  Mlioglotl (Swamp:4)
  A rakshasa (D:13)
  2 two-headed ogres
  An alligator (Swamp:3)
  A cyclops (D:11)
  A cane toad (Lair:4)
  A komodo dragon (Lair:4)
  A spriggan (Swamp:1)
  An ice beast (Lair:5)
  An electric eel (D:14)
11 creatures vanquished.

Vanquished Creatures (others)
  3 eldritch tentacles
  A centaur warrior (D:13)
  A wizard (D:14)
  A phantasmal warrior (Swamp:4)
  A bloated husk (Swamp:4)
  A spriggan (Swamp:4)
  2 dancing weapons
  A swamp dragon zombie (Swamp:4)
  2 phantoms (Swamp:4)
  An orc (D:15)
  A demonic plant (Gauntlet)
  18 foxfires
  290 fulminant prisms
  83 fungi
  150 plants
556 creatures vanquished.

Grand Total: 1359 creatures vanquished

Notes
Turn   | Place    | Note
-------+----------+-------------------------------------------
     0 | D:1      | porpoise the Djinni Conjurer began the quest for the Orb.
     0 | D:1      | Reached XP level 1. HP: 15/15 MP: 0/0
   375 | D:1      | Reached skill level 1 in Fighting
   375 | D:1      | Reached XP level 2. HP: 19/22 MP: 0/0
   676 | D:1      | Found a faded altar of an unknown god.
  1018 | D:2      | Reached XP level 3. HP: 18/27 MP: 0/0
  1018 | D:2      | Learned a level 1 spell: Shock
  1268 | D:2      | Noticed Jessica
  1274 | D:2      | Killed Jessica
  1275 | D:2      | Reached skill level 2 in Fighting
  1275 | D:2      | Reached XP level 4. HP: 25/34 MP: 0/0
  2246 | D:3      | Found Daucaum's Antique Weapon Shop.
  2284 | D:3      | Reached XP level 5. HP: 37/40 MP: 0/0
  2284 | D:3      | Learned a level 2 spell: Static Discharge
  2852 | D:3      | Found a sparkling altar of Nemelex Xobeh.
  2907 | D:3      | Reached skill level 3 in Fighting
  3369 | D:4      | Reached XP level 6. HP: 37/46 MP: 0/0
  3946 | D:4      | Noticed a necrophage
  3952 | D:4      | Killed a necrophage
  3953 | D:4      | Reached skill level 4 in Fighting
  4118 | D:5      | Entered Level 5 of the Dungeon
  4118 | D:5      | Noticed an ogre
  4121 | D:5      | Killed an ogre
  4122 | D:5      | Reached XP level 7. HP: 43/53 MP: 0/0
  4122 | D:5      | Learned a level 3 spell: Tukima's Dance
  4124 | D:5      | Reached skill level 5 in Spellcasting
  4237 | D:5      | Noticed a water moccasin
  4294 | D:5      | Found a staircase to the Ecumenical Temple.
  4344 | Temple   | Entered the Ecumenical Temple
  4352 | Temple   | Became a worshipper of Ashenzari the Shackled
  4384 | D:5      | Reached skill level 5 in Fighting
  4568 | D:5      | Killed a water moccasin
  4569 | D:5      | Reached XP level 8. HP: 36/60 MP: 0/0
  4988 | D:5      | Found an opulent altar of Gozag.
  4991 | D:5      | Found a basalt altar of Yredelemnul.
  4994 | D:5      | Found a glowing golden altar of the Shining One.
  4997 | D:5      | Found a burning altar of Makhleb.
  5241 | D:6      | Reached skill level 6 in Fighting
  5249 | D:6      | Identified a scroll of acquirement
  5249 | D:6      | Acquired 786 gold pieces
  5869 | D:6      | Reached XP level 9. HP: 43/67 MP: 0/0
  5869 | D:6      | Learned a level 3 spell: Frozen Ramparts
  6051 | D:6      | Reached skill level 7 in Fighting
  6650 | D:6      | Reached skill level 8 in Fighting
  8023 | D:7      | Reached XP level 10. HP: 50/78 MP: 0/0
  8184 | D:7      | Reached * piety under Ashenzari
  8504 | D:7      | Noticed Joseph
  8518 | D:7      | Killed Joseph
  8519 | D:7      | Reached skill level 9 in Fighting
  8519 | D:7      | Reached skill level 5 in Dodging
  9156 | D:8      | Found a staircase to the Lair.
  9218 | D:8      | Found Kiusin's General Store.
  9351 | D:8      | Noticed a two-headed ogre
  9361 | D:8      | Killed a two-headed ogre
  9362 | D:8      | Reached skill level 10 in Fighting
  9574 | D:8      | Noticed a two-headed ogre
  9585 | D:8      | Killed a two-headed ogre
  9586 | D:8      | Reached skill level 1 in Armour
  9586 | D:8      | Reached skill level 1 in Evocations
  9823 | D:8      | Reached XP level 11. HP: 75/89 MP: 0/0
  9823 | D:8      | Learned a level 5 spell: Lee's Rapid Deconstruction
 10344 | D:8      | Found a bloodstained altar of Trog.
 11133 | D:9      | Noticed a two-headed ogre
 11144 | D:9      | Killed a two-headed ogre
 11591 | D:9      | Reached ** piety under Ashenzari
 11996 | D:10     | Entered Level 10 of the Dungeon
 12031 | D:10     | Found Jonett's Overcharged Wands.
 12133 | D:10     | Found a runed translucent gate.
 12133 | D:10     | Found a runed translucent gate.
 12133 | D:10     | Found a runed translucent gate.
 12134 | D:10     | Found an opulent altar of Gozag.
 12135 | D:10     | Noticed a four-headed hydra
 12135 | D:10     | Noticed a tengu warrior
 12135 | D:10     | Noticed WaxSun's ghost (journeyman MfIE)
 12384 | D:10     | Found a staircase to the Orcish Mines.
 12455 | D:10     | Reached skill level 5 in Armour
 13162 | Lair:1   | Entered Level 1 of the Lair of Beasts
 13168 | Lair:1   | Reached skill level 11 in Fighting
 13624 | Lair:1   | Reached skill level 5 in Stealth
 13814 | Lair:1   | Reached XP level 12. HP: 87/99 MP: 0/0
 15128 | Lair:2   | Noticed Prince Ribbit
 15240 | Lair:1   | Killed Prince Ribbit
 16087 | Lair:2   | Identified the +9 hand crossbow of Hudeck {speed, rC- Str+4
                  | Int+3 SInv}
 16217 | Lair:2   | Reached *** piety under Ashenzari
 16262 | Lair:2   | Reached skill level 5 in Evocations
 16308 | Lair:2   | Reached XP level 13. HP: 106/106 MP: 0/0
 16308 | Lair:2   | Learned a level 5 spell: Summon Mana Viper
 16313 | Lair:2   | Found a staircase to the Swamp.
 16317 | Lair:2   | Reached skill level 12 in Fighting
 16765 | D:11     | Noticed Grum
 16772 | D:11     | Killed Grum
 16927 | D:11     | Found a shadowy altar of Dithmenos.
 18365 | D:12     | Identified Toem Zasch's Volume of the Rocks
 18366 | D:12     | Noticed ZappyNine's ghost (journeyman DENe)
 18373 | D:12     | Reached skill level 1 in Shields
 18429 | D:12     | Identified the +12 flail of Embarrassment {holy, rElec
                  | Stlth+}
 18537 | D:12     | Noticed Sonja
 18540 | D:12     | Killed Sonja
 18614 | D:12     | Noticed an eight-headed hydra
 18622 | D:12     | Killed an eight-headed hydra
 19067 | D:12     | Found a runed translucent door.
 19269 | D:12     | Found a portal to a secret trove of treasure.
 19435 | D:12     | Found the +5 scythe "Finisher" {speed, eviscerate}
 19663 | D:13     | Noticed a centaur warrior
 19671 | D:13     | Killed a centaur warrior
 19684 | D:13     | Noticed a centaur warrior
 19965 | D:14     | Reached skill level 5 in Shields
 20419 | D:13     | Reached skill level 13 in Fighting
 20419 | D:13     | Reached XP level 14. HP: 98/117 MP: 0/0
 20515 | D:13     | Reached skill level 10 in Spellcasting
 22542 | D:13     | Identified the ring "Ruov" {Wiz rF++}
 22953 | Lair:3   | Noticed Nergalle
 22970 | Lair:3   | Killed Nergalle
 22971 | Lair:3   | Reached skill level 14 in Fighting
 24169 | Lair:4   | Found a gate leading to a gauntlet.
 24187 | Gauntlet | Entered a Gauntlet
 24187 | Gauntlet | Found a transporter.
 24187 | Gauntlet | Found a transporter.
 24187 | Gauntlet | Found a transporter.
 24214 | Gauntlet | Found a runed translucent door.
 24217 | Gauntlet | Found a transporter.
 24218 | Gauntlet | Found a transporter.
 24226 | Gauntlet | Found a transporter.
 24229 | Gauntlet | Found a transporter.
 24237 | Gauntlet | Identified the ring "Uramies" {*Slow Fly Will+++ Dex+3}
 24239 | Gauntlet | Found a transporter.
 24257 | Gauntlet | Found a transporter.
 24278 | Gauntlet | Found a transporter.
 24279 | Gauntlet | Found a transporter.
 24290 | Gauntlet | Found a transporter.
 24341 | Gauntlet | Identified the +2 chain mail of Panentheism {rC+ Int+4}
 24923 | Gauntlet | Identified the Volume of Transformation
 24923 | Gauntlet | Identified the -6 kite shield of the Bulwark {rElec MP+9
                  | Str-5}
 24923 | Gauntlet | Identified the ring of Serendipity {rC+ rN+ Will- Dex+6}
 24923 | Gauntlet | Noticed a minotaur
 24932 | Gauntlet | Killed a minotaur
 25135 | Lair:4   | Found a transporter.
 25144 | Lair:4   | Noticed bnorton916's ghost (journeyman BaIE)
 25149 | Lair:4   | Found a transporter.
 25580 | Lair:4   | Reached skill level 10 in Dodging
 25581 | Lair:4   | Reached XP level 15. HP: 90/126 MP: 0/0
 25581 | Lair:4   | Learned a level 6 spell: Statue Form
 25824 | Lair:4   | Found a hole to the Spider Nest.
 26713 | Lair:4   | Identified the +6 flail of Sulphur {flame, Str+3}
 27217 | Lair:5   | Reached skill level 1 in Crossbows
 29580 | D:14     | Noticed Kirke
 29590 | D:14     | Killed Kirke
 29591 | D:14     | Reached skill level 5 in Crossbows
 31032 | D:14     | Noticed a quicksilver ooze
 31032 | D:14     | an alligator changed into a quicksilver ooze
 31034 | D:14     | a quicksilver ooze changed into a catoblepas
 31036 | D:14     | Noticed a storm dragon
 31036 | D:14     | a catoblepas changed into a storm dragon
 31039 | D:14     | a storm dragon changed into a catoblepas
 31190 | D:14     | Found a gate to the Vaults.
 31428 | D:15     | Entered Level 15 of the Dungeon
 31879 | D:15     | Reached XP level 16. HP: 109/132 MP: 0/0
 32704 | D:14     | Identified the cursed +1 pair of gloves of Ashenzari's
                  | Seeker {infuse, Cun, Self} (You found it on level 3 of the
                  | Dungeon)
 32704 | D:14     | Identified the cursed +5 ring mail "Ruined Dismay" {rN+,
                  | Evo, Self} (You took it off Joseph on level 7 of the
                  | Dungeon)
 33263 | D:15     | Found a staircase to the Depths.
 33597 | Lair:6   | Entered Level 6 of the Lair of Beasts
 33597 | Lair:6   | Found a staircase to the Slime Pits.
 35107 | Lair:6   | Found a sparkling altar of Nemelex Xobeh.
 37393 | Lair:6   | Reached XP level 17. HP: 133/139 MP: 0/0
 37393 | Lair:6   | Learned a level 7 spell: Malign Gateway
 37930 | Lair:6   | Reached skill level 15 in Fighting
 38090 | Lair:6   | Identified the +9 battleaxe "Zellinuu" {venom, rN+}
 38406 | Swamp:1  | Entered Level 1 of the Swamp
 41043 | Swamp:2  | Reached skill level 10 in Crossbows
 41175 | Swamp:2  | Identified the +4 hand crossbow "Xarur" {vorpal, Drain
                  | rN+++ Str+6}
 41881 | Swamp:3  | Reached skill level 16 in Fighting
 42779 | Swamp:3  | Identified the +1 hat of Ethics {Fly rC+}
 43307 | Swamp:3  | Reached XP level 18. HP: 85/146 MP: 0/0
 43835 | Swamp:4  | Entered Level 4 of the Swamp
 45273 | Swamp:4  | Reached skill level 10 in Stealth
 45278 | Swamp:4  | Noticed Mlioglotl
 45302 | Swamp:4  | Killed Mlioglotl
 45961 | Swamp:4  | Killed by an exploding bloated husk... set off by themself

Illustrated notes

Levels and vault maps discovered:
D:1:      elethiomel_arrival_infinity_welcomes_careful_drivers, layout_rooms,
          shapermc_ecumenical_altar_mp_highgroup,
          nicolae_concentric_dashed_squares_wild, kennysheep_crisscross
D:2:      layout_rooms, kennysheep_jessica_study
D:3:      layout_basic, nemelex_dance_club_becter, serial_shops, shop
D:4:      minmay_door_path, layout_rooms
D:5:      layout_rooms, grunt_temple_overflow_cloverleaf,
          minmay_temple_entry_antechambers
D:6:      layout_rooms, cheibrodos_sewer_entry_bend, st_stairs_14,
          grunt_potential
D:7:      layout_basic, uniq_joseph
D:8:      layout_gridville, trog_hazing_becter, erik_lair_orcish_takeover,
          serial_shops, nicolae_shop_statue_plus, minmay_quadrilaterals
D:9:      layout_irregular_city
D:10:     kennysheep_steamy, layout_gridville, minmay_orc_entry_guard_dogs,
          ebering_ghost_gozag, nicolae_shop_overcharged_wands
D:11:     layout_long_grid, nicolae_dithmenos_through_a_glass_darkly, uniq_grum
D:12:     layout_basic, nicolae_trove_entry_free_sample,
          hellmonk_ghost_big_iron, minmay_guarded_unrand_finisher, uniq_sonja
D:13:     minmay_mutant_horseshoe, layout_irregular_city,
          hangedman_decor_clover_reticule
D:14:     layout_basic, david_vaults_4, uniq_kirke
D:15:     gammafunk_enter_depths_forms, layout_cave_pools,
          minmay_strange_pillars
Temple:   nicolae_temple_x_marks_the_god
Lair:1:   layout_cave_pods, st_stairs_12, hangedman_lair_unloving_vines,
          serial_bayou_shore_a
Lair:2:   layout_loops_ring, nicolae_swamp_entry_splash_gauntlet, minivault_27,
          grunt_megastairs_2, uniq_prince_ribbit2
Lair:3:   layout_misc_corridors, guppyfry_lair_drakes,
          infiniplex_staircase_pool, uniq_nergalle
Lair:4:   minmay_lair_oklob_tunnel, layout_loops_ring, dummy_spider_entry,
          nzn_ghost_randoct, gauntlet_entry_generic,
          portal_ice_cave_entry_ice_simulacra, nicolae_lair_lindhole
Lair:5:   layout_small_grid, special_room [special_room_bee],
          chequers_serial_rivers_small_b, ice2_lemuel
Lair:6:   hangedman_lair_in_review, layout_misc_corridors,
          hangedman_lair_caniforms_friends, slime_dummy, lemuel_centaur_altar
Swamp:1:  layout_falls_marsh, evilmike_swamp_ruin_rubble_1, swamp_pool2
Swamp:2:  layout_falls_marsh, nicolae_swamp_well_well_well, swamp_pool5
Swamp:3:  layout_falls_marsh, hangedman_swamp_ruin_hall,
          nicolae_swamp_little_tower
Swamp:4:  swamp_pestilence, layout_basic_swamp, swamp_pool3,
          nicolae_swamp_no_escape, uniq_mlioglotl

Skill      XL: |  1  2  3  4  5  6  7  8  9 10 11 12 13 14 15 16 17 18 |
---------------+-------------------------------------------------------+-----
Fighting       | 1 2 3 4 5 6 8 10 11 13 14 16 | 16.2
Spellcasting   | 4 5 6 7 8 9 10 11 12 | 12.6
Stealth        | 2 3 4 5 7 9 10 | 10.2
Dodging        | 3 6 7 8 10 | 10.4
Armour         | 1 5 6 7 9 |  9.0
Evocations     | 1 3 5 |  5.8
Shields        | 5 7 9 |  9.0
Crossbows      | 7 8 10 | 10.0

Action                   |  1- 3 |  4- 6 |  7- 9 | 10-12 | 13-15 | 16-18 || total
-------------------------+-------+-------+-------+-------+-------+-------++-------
Melee: Flail             |       |       |       |       |       |    11 ||    11
 Fire: Hunting sling     |       |       |    35 |    67 |       |       ||   102
       Hand crossbow     |       |       |       |    15 |   211 |   369 ||   595
Throw: Dart              |       |       |       |       |     5 |       ||     5
       Javelin           |       |       |       |       |     1 |       ||     1
 Cast: Magic Dart        |    30 |    20 |       |       |     2 |       ||    52
       Searing Ray       |     6 |    36 |    63 |    85 |   100 |    76 ||   366
       Fulminant Prism   |       |     2 |     6 |    28 |   118 |   137 ||   291
       Iskenderun's Myst |       |       |     8 |    52 |    93 |   226 ||   379
       Static Discharge  |       |       |     2 |     3 |     5 |       ||    10
       Tukima's Dance    |       |       |     6 |    17 |     2 |       ||    25
       Frozen Ramparts   |       |       |     2 |     9 |     8 |    16 ||    35
       Shock             |       |       |     1 |     2 |     2 |     1 ||     6
       Lee's Rapid Decon |       |       |       |     6 |    64 |     1 ||    71
       Summon Mana Viper |       |       |       |       |    14 |     7 ||    21
       Dazzling Flash    |       |       |       |       |     1 |     3 ||     4
       Statue Form       |       |       |       |       |       |     2 ||     2
       Malign Gateway    |       |       |       |       |       |     3 ||     3
Invok: Curse Item        |       |       |     1 |     3 |     2 |       ||     6
       Shatter the Chain |       |       |       |     1 |     1 |     1 ||     3
Evoke: Wand              |       |       |       |       |    11 |     1 ||    12
       Box of beasts     |       |       |       |       |     1 |       ||     1
  Use: Scroll            |       |       |    13 |     3 |     4 |     4 ||    24
       Potion            |       |       |       |       |     4 |       ||     4
Armor: Robe              |       |     4 |    21 |     1 |       |       ||    26
       Ring mail         |       |       |       |    37 |    49 |    65 ||   151
       Skin              |       |       |       |       |       |     6 ||     6
Dodge: Dodged            |     1 |     3 |    58 |    78 |   113 |   143 ||   396
Block: Kite shield       |       |       |       |       |    69 |   174 ||   243
